 Dungeon Crawl Stone Soup version 0.17.2-1-ge4368a0 (webtiles) character file.

34 Goblin1989 the Scratcher (level 3, 16/16 HPs)
             Began as a Felid Transmuter on Oct 28, 2016.
             Quit the game on level 3 of the Dungeon on Oct 30, 2016.
             The game lasted 00:10:01 (2554 turns).

Goblin1989 the Scratcher (Felid Transmuter)         Turns: 2554, Time: 00:10:02

Health: 16/16      AC:  1    Str:  7    XL:     3   Next: 14%
Magic:  7/7        EV: 18    Int: 14    God:
Gold:   105        SH:  0    Dex: 16    Spells: 2 memorised, 3 levels left
                                        Lives:  0   Deaths: 1

rFire  . . .     SeeInvis +       - Unarmed
rCold  . . .     Clarity  .     (armour unavailable)
rNeg   . . .     SustAt   .     (shield unavailable)
rPois  .         Gourm    .     (helmet unavailable)
rElec  .         Spirit   .     (cloak unavailable)
rCorr  .         Warding  .     (gloves unavailable)
rMut   .         Stasis   .     (boots unavailable)
MR     .....                    (no amulet)
Stlth  +++.......               (no ring)
                                x - ring of stealth

@: quick, not resistant to hostile enchantments, fairly stealthy
A: no armour, no weapons or thrown items, claws 1, fangs 3, see invisible,
carnivore 3, speed 1, shaggy fur 1, slow metabolism 1, sharp paws
a: no special abilities


You were on level 3 of the Dungeon.
You were not hungry.

You visited 1 branch of the dungeon, and saw 3 of its levels.

You collected 105 gold pieces.

Inventory:

Missiles
 a - 11 arrows
Jewellery
 x - a ring of stealth (left paw)
Wands
 o - a wand of frost (13)
Scrolls
 e - 2 scrolls of remove curse {unknown}
 f - 2 scrolls of recharging {unknown}
 l - a scroll of teleportation {unknown}
 m - a scroll of enchant weapon {unknown}
Potions
 d - a potion of ambrosia {unknown}
 h - a potion of resistance {unknown}
 i - a potion of invisibility {unknown}
 j - a potion of flight {unknown}
 n - a potion of heal wounds {unknown}
 p - a potion of cancellation {unknown}
Books
 b - a book of Changes

   Spells                             Type                      Level
   a - Beastly Appendage              Transmutation                1
   b - Sticks to Snakes               Transmutation                2
   c - Spider Form                    Transmutation/Poison         3
   d - Ice Form                       Ice/Transmutation            4
   e - Blade Hands                    Transmutation                5
Comestibles
 c - 3 meat rations {@e2}
 g - a slice of pizza
 k - 5 chunks of flesh {@w0}


   Skills:
 + Level 2.2 Fighting
 + Level 3.3 Dodging
 * Level 4.2 Unarmed Combat
 - Level 2.0 Spellcasting
 - Level 2.1 Transmutations


You had 3 spell levels left.
You knew the following spells:

 Your Spells              Type           Power        Failure   Level  Hunger
a - Beastly Appendage     Trmt           #.....       12%         1    ##.....
b - Sticks to Snakes      Trmt           #.........   17%         2    ###....


Dungeon Overview and Level Annotations

Branches:
Dungeon (3/15)

Altars:

Annotations:
D:3 Ijyb, Natasha


Innate Abilities, Weirdness & Mutations

You cannot wear armour.
You are incapable of wielding weapons or throwing items.
You have sharp claws.
You have razor-sharp teeth.
You have supernaturally acute eyesight.
You are carnivorous and can eat meat at any time.
You cover ground quickly.
You are covered in fur (AC +1).
You have a slow metabolism.
Your sharp claws are effective at attacking unaware monsters.


Message History

Your transformation is almost over.
Your ball python barely misses Ijyb.
Your ball python constricts Ijyb.
An adder comes into view.
You swap places.
Ijyb misses you.
Your ball python bites Ijyb.
Your ball python constricts Ijyb.
You scratch Ijyb.
Ijyb is heavily wounded.
Your ball python bites Ijyb but does no damage.
Your ball python constricts Ijyb.
Ijyb screams, "Me kill you!"
Ijyb zaps a wand.
The bolt of lightning hits you!
Ouch! That really hurt!
You die...
Your shape twists and changes as you die.
You are now level 3!
Your horns disappear.
You rejoin the land of the living...
Found a scroll labeled FOACKUSTR VEYRE and 14 poisoned needles.
Health restored: 16; MP restored: 7 Are you sure you want to abandon this character and quit the game? (Confirm with "yes".)

.......w. ...........
..█ ..........█ ..█
..........█ ..█ .....
..>.█ .(██ ...███...█
...█ .........█ ...█
......███████ ███...█...
)...........█ █.@.......
............█ █.........
....†.......███.........
....)...............?...
................█████▲██
................
................
..<.............
.....)...███████


There were no monsters in sight!

Vanquished Creatures
  2 adders (D:2)
  An ooze (D:2)
  A worm (D:2)
  A giant gecko (D:2)
  An orc (D:3)
  2 ball pythons
  2 giant cockroaches (D:2)
  5 goblins
  8 hobgoblins
  3 jackals (D:2)
  6 kobolds
  8 bats
  3 giant newts
  8 rats
51 creatures vanquished.

Vanquished Creatures (others)
  A giant cockroach (D:1)
  A bat (D:1)
2 creatures vanquished.

Grand Total: 53 creatures vanquished

Notes
Turn   | Place    | Note
--------------------------------------------------------------
     0 | D:1      | Goblin1989 the Felid Transmuter began the quest for the Orb.
     0 | D:1      | Reached XP level 1. HP: 9/9 MP: 4/4
   213 | D:1      | Reached XP level 2. HP: 10/12 MP: 4/6
   700 | D:1      | Learned a level 2 spell: Sticks to Snakes
  1302 | D:2      | Reached XP level 3. HP: 16/16 MP: 4/7
  1869 | D:2      | Reached skill level 4 in Unarmed Combat
  2225 | D:2      | Reached XP level 4. HP: 13/19 MP: 8/8
  2480 | D:3      | Noticed Natasha
  2541 | D:3      | Noticed Ijyb
  2553 | D:3      | Killed from afar by Ijyb
  2554 | D:3      | Reached XP level 3. HP: -14/16 MP: 5/7
  2554 | D:3      | Quit the game

Action                   |  1- 3 |  4- 6 || total
-------------------------+-------+-------++-------
Melee: Unarmed           |   100 |    18 ||   118
 Cast: Beastly Appendage |    28 |     5 ||    33
       Sticks to Snakes  |       |     1 ||     1
 Stab: Sleeping          |     6 |       ||     6
  Eat: Chunk             |    10 |     1 ||    11

Vault maps used:
D:1:      shiori_arrival_oz
D:3:      serial_bayou_pond_e, uniq_natasha, uniq_sigmund, uniq_jessica,
          uniq_iyjb
